 Dungeon Crawl Stone Soup version 0.31-a0-816-gd61d57ddb1 (webtiles) character file.

Game seed: 11129967125112858491

64271 Dirtsage the Cleaver (level 14, -4/113 (116) HPs)
             Began as a Demonspawn Fighter on Sept 22, 2023.
             Was a High Priest of Okawaru.
             Slain by a chaos spawn (12 damage)
             ... summoned by an orc sorcerer
             ... on level 2 of the Orcish Mines on Sept 23, 2023.
             The game lasted 00:46:20 (21379 turns).

Dirtsage the Cleaver (Demonspawn Fighter)          Turns: 21379, Time: 00:46:20

HP:   -4/113 (116)  AC:  4    Str: 21    XL:     14   Next: 71%
MP:   0/24          EV: 12    Int: 10    God:    Okawaru [*****.]
Gold: 1539          SH: 13    Dex: 13    Spells: 13/13 levels left

rFire   . . .        a - +4 war axe
rCold   . . .        c - +0 buckler
rNeg    . . .        k - +4 ring mail "Zuatiydd" {rElec}
rPois   +            (helmet restricted)
rElec   +            p - +0 cloak
rCorr   .            s - +1 pair of gloves
SInv    +            L - +2 pair of boots {rampage}
Will    +....        (no amulet)
Stlth   +            S - ring of see invisible
HPRegen 0.38/turn    P - ring of poison resistance
MPRegen 0.38/turn

%: guardian spirit, rampage
@: corroded, lightly drained
A: horns 2, large bone plates 2, ignite blood 1, magic shield, magic
regeneration, magic link
a: Renounce Religion, Heroism, Finesse, Duel


You were on level 2 of the Orcish Mines.
You worshipped Okawaru.
Okawaru was extremely pleased with you.
You visited 4 branches of the dungeon, and saw 19 of its levels.
You also visited: Ossuary and Ice Cave.

You collected 2030 gold pieces.
You spent 491 gold pieces at shops.

Inventory:

Hand Weapons
 a - a +4 war axe (weapon)
 W - a +2 hand axe of flaming
Missiles
 x - a throwing net
 T - 4 curare-tipped darts
 V - 3 silver javelins
Armour
 b - a +0 scale mail
 c - a +0 buckler (worn)
 k - the +4 ring mail "Zuatiydd" (worn) {rElec}
   (You found it in an ice cave)

   rElec:     It insulates you from electricity.
 p - a +0 cloak (worn)
 s - a +1 pair of gloves (worn)
 L - a +2 pair of boots of rampaging (worn)
 M - +0 acid dragon scales
Jewellery
 f - a ring of fire
 z - a ring of magical power
 E - a ring of ice
 I - a ring of protection from cold
 P - a ring of poison resistance (right hand)
 S - a ring of see invisible (left hand)
Wands
 G - a wand of roots (3)
 Q - a wand of polymorph (3)
 R - a wand of acid (6)
Scrolls
 e - a scroll of revelation
 g - 4 scrolls of fear
 i - 2 scrolls of identify
 j - 4 scrolls of fog
 o - 7 scrolls of immolation
 r - a scroll of amnesia
 t - a scroll of teleportation
 u - a scroll of brand weapon
 v - a scroll of silence
 w - a scroll of butterflies
 y - a scroll of torment
 B - 2 scrolls of blinking
 D - 2 scrolls of enchant armour
 H - 4 scrolls of poison
 N - a scroll of noise
 O - a scroll of enchant weapon
 X - a scroll of vulnerability
Potions
 d - 3 potions of might
 h - 4 potions of haste
 l - 5 potions of heal wounds
 m - 3 potions of mutation
 n - 4 potions of resistance
 q - 8 potions of curing
 A - a potion of invisibility
 C - a potion of lignification {unknown}
 F - 2 potions of berserk rage
 J - 2 potions of ambrosia {unknown}
 K - a potion of magic {unknown}
 U - 2 potions of enlightenment
 Y - 2 potions of brilliance
Miscellaneous
 Z - a phial of floods


   Skills:
 + Level 12.4 Fighting
 + Level 14.7 Axes
 + Level 5.3 Armour
 + Level 4.4 Dodging
 + Level 11.4 Shields
 - Level 14.0 Invocations


You had 13 spell levels left.
You didn't know any spells.
Your spell library contained the following spells:

 Spells                   Type           Power      Damage    Failure   Level
 Apportation              Tloc           0%         N/A       56%         1
 Freeze                   Ice            0%         1d3       56%         1
 Magic Dart               Conj           0%         1d3       56%         1
 Blink                    Tloc           0%         N/A       71%         2
 Ensorcelled Hibernation  Hex/Ice        0%         N/A       71%         2
 Jinxbite                 Hex            0%         N/A       71%         2
 Lesser Beckoning         Tloc           0%         N/A       71%         2
 Passwall                 Tmut/Erth      0%         N/A       71%         2
 Poisonous Vapours        Pois/Air       0%         N/A       71%         2
 Searing Ray              Conj           0%         2d4       71%         2
 Sublimation of Blood     Necr           0%         N/A       71%         2
 Wereblood                Tmut           0%         N/A       71%         2
 Frozen Ramparts          Ice            0%         1d1       90%         3
 Gell's Gravitas          Tloc           0%         N/A       90%         3
 Hailstorm                Conj/Ice       0%         3d3       90%         3
 Inner Flame              Hex/Fire       0%         N/A       90%         3
 Mephitic Cloud           Conj/Pois/Air  0%         N/A       90%         3
 Swiftness                Air            0%         N/A       90%         3
 Teleport Other           Tloc           0%         N/A       90%         3
 Flame Wave               Conj/Fire      0%         2d4       100%        4
 Fulminant Prism          Conj/Hex       0%         3d5       100%        4
 Manifold Assault         Tloc           0%         N/A       100%        4
 Passage of Golubria      Tloc           0%         N/A       100%        4
 Petrify                  Tmut/Erth      0%         N/A       100%        4
 Sticky Flame             Conj/Fire      0%         2d3       100%        4
 Alistair's Intoxication  Tmut/Pois      0%         N/A       100%        5
 Freezing Cloud           Conj/Ice/Air   0%         6-21      100%        5
 Irradiate                Conj/Tmut      0%         3d11      100%        5
 Metabolic Englaciation   Hex/Ice        0%         N/A       100%        5
 Silence                  Hex/Air        0%         N/A       100%        5
 Ozocubu's Refrigeration  Ice            0%         4d7       100%        7
 Lehudib's Crystal Spear  Conj/Erth      0%         10d2      100%        8
 Summon Small Mammal      Summ           Unusable   N/A       N/A         1
 Call Canine Familiar     Summ           Unusable   N/A       N/A         3
 Summon Guardian Golem    Hex/Summ       Unusable   N/A       N/A         3
 Summon Hydra             Summ           Unusable   N/A       N/A         7

Dungeon Overview and Level Annotations

Branches:
Dungeon (11/15)            Temple (1/1) D:6            Lair (5/5) D:8
  Swamp (0/4) Lair:3       Spider (0/4) Lair:3        Slime (0/5) Lair:4
    Orc (2/2) D:9             Elf (0/3) Orc:2       Ossuary (visited)
  IceCv (visited)

Altars:
Ashenzari
Cheibriados
Dithmenos
Fedhas
Gozag
Hepliaklqana
Kikubaaqudgha
Makhleb
Nemelex Xobeh
Okawaru
Qazlal
Ru
Sif Muna
Trog
Uskayaw
Vehumet
Wu Jian
Xom
Yredelemnul

Shops:
D:6 [[((!   D:10 [   Orc:2 :


Innate Abilities, Weirdness & Mutations

You have a pair of horns on your head.
You are mostly covered in large bone plates. (SH +6)
Your demonic aura sometimes causes spilled blood to erupt in flames.
When hurt, damage is shared between your health and your magic reserves.
You regenerate magic rapidly.
When low on magic, you restore magic in place of health.


Message History

The orc sorcerer hits you with a +0 dagger.
You can move again.
You take 31 damage, and have 59/113 hp.
MASSIVE DAMAGE!!
You now have 11/24 mp.
Unknown command.
Unknown command.
Unknown command.
You closely miss the orc sorcerer.
The orc sorcerer is severely wounded.
You barely miss the chaos spawn.
You hit the rust devil but do no damage.
The chaos spawn hits you. The rust devil closely misses you.
You block the orc sorcerer's attack.
You take 1 damage, and have 58/113 hp.
You hit the orc sorcerer but do no damage.
The orc sorcerer is severely wounded.
You hit the chaos spawn but do no damage.
You hit the rust devil but do no damage.
The chaos spawn hits you! The chaos spawn freezes you!
The rust devil closely misses you.
You take 24 damage, and have 34/113 hp.
MASSIVE DAMAGE!!
You now have 6/24 mp.
You barely miss the orc sorcerer.
The orc sorcerer is severely wounded.
You hit the chaos spawn but do no damage.
You barely miss the rust devil.
The orc sorcerer points at you and mumbles some strange words.
The bolt of fire hits you!!
* * * LOW HITPOINT WARNING * * *
The chaos spawn misses you.
You take 21 damage, and have 13/113 hp.
You now have 2/24 mp.
You barely miss the orc sorcerer.
You headbutt the orc sorcerer, but do no damage.
The orc sorcerer is severely wounded.
You hit the rust devil but do no damage.
You hit the chaos spawn but do no damage.
The rust devil closely misses you.
The orc sorcerer hits you but does no damage.
The chaos spawn gores you!
* * * LOW HITPOINT WARNING * * *
The chaos spawn sears you!
You die...

###.....### *≈≈#8,*****,,~*****
##.........##*≈≈##,,~~~,,,~*****
##...........##≈≈§#,,,,,,,,~*~~~,
#......##..##.≈#*§###,,,,,,~*,,,,
#......##..##.≈##§§§####,,,~*8,,,
...............§§≈§≈≈≈§.,,,~*,,,*
....................§§§§,,,~*,,,*
..............).44...§..8,,~*∩,,*
................@o§.....,,,~*,,,*
#..............≈≈≈≈§§≈≈.,,,~*,,,*
#......##..##.≈##≈≈§####,,,~*8,,,
#......##..##.§#*§###,,,,,,~*,,,,
#............##§≈§#,,,,,,,,~*~~~,
............##*§≈##,,~~~,,,~*****
#..........####≈≈#∩,*****,,~*****
..........####§§≈##,,~~~,,,~~~,,*
..#......####§.≈§≈#,,,,,,,,,,,,,+


You could see a rust devil (summoned), a chaos spawn (summoned) and an orc
sorcerer.

Vanquished Creatures
  Fannar (Orc:1)
  5 hydras
  An anaconda (Lair:5)
  A two-headed ogre (D:9)
  A boulder beetle (Lair:2)
  2 orc high priests
  Sonja (Arena)
  A bog body (Lair:3)
  2 orc knights
  2 deep elf pyromancers (D:9)
  2 orc sorcerers (Orc:2)
  2 wolf spiders (Lair:5)
  An ugly thing (IceCv)
  7 elephants (Lair:5)
  2 torpor snails
  2 ice statues (IceCv)
  8 black mambas
  A guardian serpent (Lair:5)
  3 rime drakes
  14 cane toads
  A freezing wraith (IceCv)
  4 komodo dragons
  5 trolls
  12 polar bears
  Prince Ribbit (D:9)
  A raiju (Lair:5)
  2 hornets (Lair:5)
  A dream sheep (Lair:5)
  16 blink frogs
  Sigmund (D:4)
  2 basilisks
  88 yaks
  13 wyverns
  A death yak simulacrum (IceCv)
  5 redbacks
  3 steam dragons
  10 wargs
  2 acid dragons (D:9)
  23 water moccasins
  14 hell hounds (Lair:5)
  A hydra simulacrum (IceCv)
  21 orc warriors
  12 black bears
  6 ice beasts (D:8)
  2 sky beasts
  13 ogres
  29 wolves
  4 centaurs
  A phantom (D:5)
  8 kobold brigands (D:9)
  An elf zombie (Ossuary)
  11 bullfrogs
  2 gnoll sergeants
  3 scorpions
  7 wights
  4 killer bees (D:9)
  5 howler monkeys
  An electric eel (D:10)
  3 centaur zombies (Ossuary)
  2 human zombies (Ossuary)
  5 jellies
  2 hounds
  11 orc priests
  3 iguanas
  Natasha (twice) (D:2)
  23 orc wizards
  2 wolf simulacra (IceCv)
  A hound zombie (Ossuary)
  3 mummies (Ossuary)
  11 adders
  8 gnolls
  3 adder zombies (Ossuary)
  3 worms
  2 dart slugs
  91 orcs
  8 ball pythons
  7 bats
  13 endoplasms
  4 giant cockroaches
  2 gnoll zombies (Ossuary)
  5 goblins
  4 hobgoblins
  2 jackals (D:2)
  21 kobolds
  2 quokkas
  3 training dummies (D:6)
  4 frilled lizards
  5 goblin zombies (Ossuary)
  4 hobgoblin zombies (Ossuary)
  5 jackal zombies (Ossuary)
  3 kobold zombies (Ossuary)
  2 orc zombies (Ossuary)
  2 quokka zombies (Ossuary)
  6 rats
  2 rat zombies (Ossuary)
  A spectral orc (D:5)
675 creatures vanquished.

Vanquished Creatures (others)
  A wizard (D:6)
1 creature vanquished.

Grand Total: 676 creatures vanquished

Notes
Turn   | Place    | Note
-------+----------+-------------------------------------------
     0 | D:1      | Dirtsage the Demonspawn Fighter began the quest for the
                  | Orb.
     0 | D:1      | Reached XP level 1. HP: 18/18 MP: 1/1
   147 | D:1      | Gained mutation: You are partially covered in large bone
                  | plates. (SH +4) [demonic ancestry]
   147 | D:1      | Reached XP level 2. HP: 24/24 MP: 2/2
   714 | D:2      | Gained mutation: You have a pair of small horns on your
                  | head. [demonic ancestry]
   714 | D:2      | Reached XP level 3. HP: 28/29 MP: 3/3
  1004 | D:2      | Gained mutation: You are mostly covered in large bone
                  | plates. (SH +6) [demonic ancestry]
  1004 | D:2      | Reached XP level 4. HP: 35/35 MP: 4/4
  1168 | D:2      | Noticed Natasha
  1176 | D:2      | Killed Natasha
  1201 | D:2      | Noticed Natasha
  1206 | D:2      | Killed Natasha
  1466 | D:3      | Reached XP level 5. HP: 37/41 MP: 5/5
  1510 | D:3      | Identified the +1 robe of the Vaults {rElec}
  1611 | D:3      | You fall into a shaft and drop 1 floor!
  1627 | D:4      | Found a shadowy altar of Dithmenos.
  1628 | D:4      | Noticed an ogre
  1639 | D:4      | Killed an ogre
  1640 | D:4      | Reached skill level 5 in Axes
  1662 | D:4      | Gained mutation: You have a pair of horns on your head.
                  | [demonic ancestry]
  1662 | D:4      | Reached XP level 6. HP: 32/47 MP: 6/6
  1787 | D:4      | Noticed Sigmund
  1799 | D:4      | Killed Sigmund
  1800 | D:4      | Reached XP level 7. HP: 35/52 MP: 7/7
  2623 | D:4      | Found a shimmering altar of Xom.
  2867 | D:5      | Entered Level 5 of the Dungeon
  3133 | D:5      | Reached XP level 8. HP: 41/58 MP: 8/8
  3354 | D:5      | Found a basalt altar of Yredelemnul.
  3968 | D:6      | Found a staircase to the Ecumenical Temple.
  3982 | Temple   | Entered the Ecumenical Temple
  4005 | Temple   | Became a worshipper of Warmaster Okawaru
  4031 | D:6      | Found Tuod's Armour Emporium.
  4099 | D:6      | Found Robrue Pity's Firing Range.
  4101 | D:6      | Reached skill level 10 in Axes
  4172 | D:6      | Found a bloodstained altar of Trog.
  4173 | D:6      | Noticed a wizard
  4179 | D:6      | Killed a wizard
  4205 | D:6      | Found Syteubb's Antique Weapon Shoppe.
  4252 | D:6      | Found Zeinetuw's Distillery.
  4343 | D:6      | Bought a potion of mutation for 80 gold pieces
  4343 | D:6      | Bought a potion of invisibility for 80 gold pieces
  4343 | D:6      | Bought a potion of curing for 30 gold pieces
  4383 | D:6      | Reached skill level 1 in Invocations
  4637 | D:6      | Found a snail-covered altar of Cheibriados.
  4660 | D:6      | Found Cohul's Armour Shop.
  4735 | D:6      | Found a sacrificial altar of Ru.
  5028 | D:7      | Gained mutation: You regenerate magic rapidly. [demonic
                  | ancestry]
  5028 | D:7      | Reached XP level 9. HP: 60/65 MP: 10/10
  5065 | D:7      | Reached * piety under Okawaru
  5591 | D:7      | Found an ornate altar of the Wu Jian Council.
  5669 | D:7      | Found a shimmering blue altar of Sif Muna.
  5794 | D:7      | Found a burning altar of Makhleb.
  5795 | D:7      | Noticed a balrug
  5795 | D:7      | Noticed an angel
  5965 | D:8      | Found a sand-covered staircase.
  5999 | D:8      | Reached ** piety under Okawaru
  6054 | D:8      | Noticed a troll
  6080 | Ossuary  | Entered an ossuary
  6164 | Ossuary  | Reached skill level 5 in Fighting
  6198 | Ossuary  | Reached skill level 5 in Invocations
  6473 | D:8      | Noticed an eight-headed hydra
  6483 | D:8      | Noticed a gargoyle
  6488 | D:8      | Noticed a centaur warrior
  6488 | D:8      | Noticed a skeletal warrior
  6692 | D:8      | Reached skill level 5 in Shields
  6694 | D:8      | Gained mutation: Your demonic aura sometimes causes spilled
                  | blood to erupt in flames. [demonic ancestry]
  6694 | D:8      | Reached XP level 10. HP: 73/75 MP: 14/14
  6762 | D:8      | Reached *** piety under Okawaru
  7047 | D:8      | Found a staircase to the Lair.
  7117 | D:8      | Found a blossoming altar of Fedhas.
  7425 | D:9      | Noticed Prince Ribbit
  7434 | D:9      | Killed Prince Ribbit
  8480 | D:9      | Found a staircase to the Orcish Mines.
  8508 | D:10     | Entered Level 10 of the Dungeon
  8512 | D:10     | Found an opulent altar of Gozag.
  8702 | D:10     | Reached **** piety under Okawaru
  8712 | D:10     | Gained mutation: When hurt, damage is shared between your
                  | health and your magic reserves. [demonic ancestry]
  8712 | D:10     | Reached XP level 11. HP: 46/84 MP: 17/17
  9357 | D:10     | Found Jigelus's Armour Shoppe.
  9365 | D:10     | Bought a +2 pair of boots of rampaging for 301 gold pieces
  9601 | D:9      | Noticed a deep elf pyromancer
  9602 | D:9      | Noticed a two-headed ogre
  9603 | D:9      | Noticed a deep elf pyromancer
  9635 | D:9      | Killed a deep elf pyromancer
  9717 | D:9      | Killed a deep elf pyromancer
 10538 | D:10     | Found a stormy altar of Qazlal.
 10726 | Lair:1   | Entered Level 1 of the Lair of Beasts
 10765 | Lair:1   | Reached ***** piety under Okawaru
 11390 | Lair:1   | Reached skill level 10 in Invocations
 11955 | Lair:2   | Noticed a boulder beetle
 11955 | Lair:2   | Noticed an eight-headed hydra
 12116 | Lair:2   | Noticed Sonja
 12119 | Arena    | Entered the Arena
 12134 | Arena    | Killed Sonja
 12358 | Lair:2   | Killed a boulder beetle
 12466 | Lair:2   | Gained mutation: When low on magic, you restore magic in
                  | place of health. [demonic ancestry]
 12466 | Lair:2   | Reached XP level 12. HP: 94/94 MP: 18/20
 12511 | Lair:2   | Killed a five-headed hydra
 12797 | Lair:2   | Received a gift from Okawaru
 13626 | Lair:3   | Found a staircase to the Swamp.
 13752 | Lair:3   | Found a hole to the Spider Nest.
 14125 | Lair:3   | Reached skill level 10 in Fighting
 14206 | Lair:3   | Received a gift from Okawaru
 14766 | Lair:4   | Noticed a four-headed hydra
 14775 | Lair:4   | Killed a one-headed hydra
 14776 | Lair:4   | Reached XP level 13. HP: 50/104 MP: 14/22
 15291 | Lair:4   | Received a gift from Okawaru
 15368 | Lair:4   | Found a staircase to the Slime Pits.
 15574 | Lair:5   | Entered Level 5 of the Lair of Beasts
 15654 | Lair:5   | HP: 3/104 [eight-headed hydra (3)]
 15960 | Lair:5   | Found an iron altar of Okawaru.
 16101 | Lair:4   | Reached skill level 10 in Shields
 16814 | Lair:5   | Received a gift from Okawaru
 17527 | Lair:5   | Reached skill level 1 in Dodging
 17755 | Lair:5   | Received a gift from Okawaru
 17802 | Lair:5   | Reached XP level 14. HP: 62/114 MP: 24/24
 19096 | Lair:5   | Received a gift from Okawaru
 19823 | Orc:1    | Entered Level 1 of the Orcish Mines
 19836 | Orc:1    | Noticed Fannar
 19851 | Orc:1    | Killed Fannar
 20339 | Orc:2    | Entered Level 2 of the Orcish Mines
 20667 | Orc:2    | Reached skill level 5 in Armour
 20670 | Orc:2    | Received a gift from Okawaru
 20690 | Orc:2    | Found a staircase to the Elven Halls.
 20715 | Orc:2    | Found Vemoxzai's Vocational Training.
 20740 | Orc:2    | Found a frozen archway.
 20755 | IceCv    | Entered an ice cave
 20768 | IceCv    | Found a transporter.
 20862 | IceCv    | Found a transporter.
 20890 | IceCv    | Identified the +4 ring mail "Zuatiydd" {rElec}
 20925 | IceCv    | Got an antique book
 21373 | Orc:2    | Paralysed by an orc sorcerer for 2 turns
 21379 | Orc:2    | Slain by a chaos spawn

Illustrated notes

Levels and vault maps discovered:
D:1:      dpeg_arrival_connections, layout_loops_ring
D:2:      layout_loops_ring, basic_altar, uniq_natasha
D:3:      minmay_spotlight, layout_loops_ring
D:4:      layout_basic, mainiacjoe_overflow_cross_hatched,
          mainiacjoe_overflow_alcove_1, uniq_sigmund
D:5:      layout_gridville, yredelemnul_forgotten_temple_becter
D:6:      layout_loops_corners, trog_wizard, mainiacjoe_overflow_alcove_2,
          lemuel_tele_altar, minmay_temple_entry_drinking_statues, serial_shops,
          shop, nicolae_shop_industrial_runoff, shop,
          nicolae_shop_tiny_statue_garden, nicolae_shop_firing_range
D:7:      layout_basic, grunt_temple_overflow_order_and_chaos_2,
          nzn_wu_jian_council_hall, minitemple, eino_tiny_chamber
D:8:      layout_cave_pools, kennysheep_little_box, hellmonk_lair_entry_icy,
          nicolae_ossuary_entry_false_entrances, minmay_misc_feat_four_crosses,
          minivault_12
D:9:      layout_grid_maze, kennysheep_orc_monster_closet_entryway,
          grunt_tough_drop, uniq_prince_ribbit1
D:10:     layout_cave_pools, mainiacjoe_overflow_alcove_4,
          nicolae_gozag_seed_capital, nicolae_stop_n_shop_2,
          nicolae_water_bricks, nicolae_kite_square_tiling_tiny,
          chequers_avenue, dk_rats_in_the_wall
D:11:     layout_rooms, zin_academy, uniq_urug
Temple:   nicolae_temple_superstar
Lair:1:   layout_regular_city
Lair:2:   layout_misc_corridors, grunt_megastairs_3,
          infiniplex_staircase_pool_2, lemuel_fruit_tree, serial_bayou_shore_b,
          uniq_sonja
Lair:3:   layout_small_grid, skrybe_swamp_entry_bodies, spider_nest_entry_webs,
          serial_bayou_shore_b
Lair:4:   layout_loops_ring, nicolae_slime_entry_field_trip, grunt_megastairs_5
Lair:5:   hangedman_lair_caniforms_friends, layout_loops_ring,
          hangedman_lair_tendril_chambers, basic_altar
Orc:1:    layout_caves, uniq_fannar
Orc:2:    kennysheep_orc_mage_school, layout_caves,
          portal_ice_cave_entry_pillars_2, nicolae_shop_vocational

Skill      XL: |  1  2  3  4  5  6  7  8  9 10 11 12 13 14 |
---------------+-------------------------------------------+-----
Axes           | 2 3 4 5 7 8 10 11 12 13 14 | 14.7
Invocations    | 2 6 8 10 12 14 | 14.0
Shields        | 3 5 6 8 9 10 11 | 11.4
Fighting       | 5 7 8 10 11 12 | 12.4
Armour         | 3 5 |  5.3
Dodging        | 1 4 |  4.4

Action                     |  1- 3 |  4- 6 |  7- 9 | 10-12 | 13-15 || total
---------------------------+-------+-------+-------+-------+-------++-------
  Melee: War axe           |   111 |    65 |   414 |   556 |   702 ||  1848
         Headbutt          |     6 |    11 |    85 |   132 |   184 ||   418
         Hand axe          |       |       |       |    13 |    69 ||    82
  Throw: Dart              |       |       |       |     2 |       ||     2
 Invoke: Heroism           |       |       |     2 |     4 |     2 ||     8
         Finesse           |       |       |       |     2 |     9 ||    11
         Duel              |       |       |       |     1 |       ||     1
    Use: Scroll            |     1 |       |     5 |     9 |    10 ||    25
         Potion            |       |     1 |       |       |     3 ||     4
 Armour: Scale mail        |    59 |    23 |   213 |   155 |       ||   450
         Acid dragon scale |       |       |       |   228 |   468 ||   696
         Robe              |       |       |       |     3 |       ||     3
         Ring mail         |       |       |       |       |    19 ||    19
  Dodge: Dodged            |    50 |    22 |   143 |   183 |   264 ||   662
  Block: Buckler           |    53 |    30 |   186 |   311 |   444 ||  1024

Table legend: (Time is in decaauts)
 A = Elapsed time spent in this place.
 B = Non-inter-level travel time spent in this place.
 C = Inter-level travel time spent in this place.
 D = Time resting spent in this place.
 E = Time spent auto-exploring this place.
 F = Levels seen in this place.
 G = Mean time per level.
                   A        B        C        D        E       F      G
               +--------+--------+--------+--------+--------+-----+--------+
         Total |  21159 |  20367 |    792 |   2842 |  14048 |  22 |  961.8 |
       Dungeon |  10436 |   9969 |    467 |    899 |   7351 |  11 |  948.7 |
        Temple |     41 |      7 |     34 |      0 |      5 |   1 |   41.0 |
          Lair |   8819 |   8545 |    274 |   1689 |   5590 |   5 | 1763.8 |
  Orcish Mines |   1270 |   1253 |     17 |    254 |    771 |   2 |  635.0 |
       Ossuary |    372 |    372 |      0 |      0 |    236 |   1 |  372.0 |
      Ice Cave |    183 |    183 |      0 |      0 |     76 |   1 |  183.0 |
         Arena |     35 |     35 |      0 |      0 |     19 |   1 |   35.0 |
               +--------+--------+--------+--------+--------+-----+--------+

Top non-repeatable levels by time:
  Lair:5: 2935 daAuts
     D:9: 2090 daAuts
  Lair:4: 1886 daAuts
  Lair:2: 1607 daAuts
  Lair:1: 1273 daAuts
  Lair:3: 1115 daAuts
    D:10: 1098 daAuts
     D:5: 1091 daAuts
     D:8: 1041 daAuts
     D:7: 1009 daAuts
     D:6: 989 daAuts
     D:3: 834 daAuts
     D:2: 780 daAuts
   Orc:1: 737 daAuts
     D:1: 735 daAuts
